 Dungeon Crawl Stone Soup version 0.31-a0-819-gf6de2f5ab6 (webtiles) character file.

Game seed: 14944514188176187393

926 porpoise the Skirmisher (level 8, -2/63 HPs)
             Began as a Human Hunter on Sept 25, 2023.
             Was an Initiate of Hepliaklqana.
             Slain by Duvessa
             ... wielding a +2 rapier of holy wrath
              (8 damage)
             ... on level 4 of the Dungeon.
             The game lasted 00:13:10 (4330 turns).

porpoise the Skirmisher (Human Hunter)              Turns: 4330, Time: 00:13:13

Health: -2/63      AC:  4    Str: 12    XL:     8   Next: 32%
Magic:  8/8        EV: 12    Int:  9    God:    Hepliaklqana [......]
Gold:   93         SH:  0    Dex: 25    Spells: 7/7 levels left

rFire   + . .        a - +0 shortbow
rCold   . . .        (shield currently unavailable)
rNeg    . . .        c - +0 leather armour
rPois   .            (no helmet)
rElec   .            (no cloak)
rCorr   .            x - +0 pair of gloves
SInv    .            (no boots)
Will    .....        q - amulet of faith
Stlth   ++           f - +6 ring of dexterity
HPRegen 0.30/turn    j - ring of protection from fire
MPRegen 0.11/turn

%: faith
@: attractive
A: no striking features
a: Renounce Religion


You were on level 4 of the Dungeon.
You worshipped Hepliaklqana.
Hepliaklqana was noncommittal.
You visited 1 branch of the dungeon, and saw 5 of its levels.

You collected 93 gold pieces.

Inventory:

Hand Weapons
 a - a +0 shortbow (weapon)
Missiles
 d - 2 throwing nets
 t - 10 boomerangs
 u - 4 poisoned darts
Armour
 c - a +0 leather armour (worn)
 n - a +0 buckler
 x - a +0 pair of gloves (worn)
Jewellery
 f - a +6 ring of dexterity (left hand)
 g - a ring of resist corrosion
 j - a ring of protection from fire (right hand)
 q - an amulet of faith (around neck)
 v - a +6 ring of dexterity
Scrolls
 b - a scroll of butterflies
 e - 2 scrolls of teleportation
 i - a scroll of enchant armour {unknown}
 k - a scroll of blinking {unknown}
 p - a scroll of fear {unknown}
Potions
 h - a potion of magic
 l - a potion of enlightenment
 m - a potion of mutation
 o - a potion of brilliance


   Skills:
 + Level 5.5 Fighting
 * Level 8.4 Ranged Weapons
 - Level 2.0 Dodging
 - Level 1.0 Stealth


You had 7 spell levels left.
You didn't know any spells.
Your spell library contained the following spells:

 Spells                   Type           Power      Damage    Failure   Level
 Shock                    Conj/Air       0%         1d3       45%         1
 Ensorcelled Hibernation  Hex/Ice        0%         N/A       61%         2
 Passwall                 Tmut/Erth      0%         N/A       61%         2
 Swiftness                Air            0%         N/A       83%         3
 Airstrike                Air            0%         2d(0-16)  99%         4


Dungeon Overview and Level Annotations

Branches:
Dungeon (5/15)
 Temple: D:4-7

Altars:
Cheibriados
Fedhas
Hepliaklqana
Okawaru
Sif Muna
The Shining One

Annotations:
D:4 3 runed translucent doors, Dowan; Duvessa; Shayle's ghost, amateur DsHW; Sigmund


Message History

Duvessa is lightly wounded.
Dowan mumbles some strange words.
Dowan blinks!
Duvessa barely misses you.
You shoot an arrow. The arrow hits Duvessa!
Duvessa is moderately wounded.
Dowan points at Duvessa and mumbles some strange words.
Duvessa seems to speed up.
Duvessa hits you with a +2 rapier of holy wrath.
Duvessa hits you with a +2 rapier of holy wrath!
Dowan gestures wildly while chanting.
Dowan blinks!
Duvessa hits you with a +2 rapier of holy wrath!
You are too injured to fight recklessly!
You are too injured to fight recklessly!
You shoot an arrow. The arrow barely misses Duvessa.
Duvessa completely misses you.
You shoot an arrow. The arrow closely misses Duvessa.
Duvessa hits you with a +2 rapier of holy wrath. x2
You shoot an arrow. The arrow hits Duvessa.
Duvessa is heavily wounded.
Duvessa hits you with a +2 rapier of holy wrath!
* * * LOW HITPOINT WARNING * * *
You shoot an arrow. The arrow closely misses Duvessa.
Duvessa hits you with a +2 rapier of holy wrath!
* * * LOW HITPOINT WARNING * * *
Duvessa hits you with a +2 rapier of holy wrath!
* * * LOW HITPOINT WARNING * * *
You shoot an arrow. The arrow closely misses Duvessa.
Duvessa closely misses you. Dowan misses you.
You shoot an arrow. The arrow completely misses Duvessa.
Duvessa misses you. Duvessa barely misses you. Dowan barely misses you.
It was a potion of heal wounds.
You feel much better. Duvessa closely misses you. Dowan closely misses you.
It was a potion of attraction.
You feel attractive to monsters.
Duvessa hits you with a +2 rapier of holy wrath!
* * * LOW HITPOINT WARNING * * *
Duvessa says, "My weaknesses are his strengths!"
Duvessa hits you with a +2 rapier of holy wrath!
You die...

#.........##....##..##..##...
#.....##..##....##..##..##...
#.....##..##....######.......
#..........#........e.e.<...#
#.....##.[.'........#########
#.....##..##....##..#
#.....###'##....#####
#.........#>........#
#.........'e@.......#
#....###.###e#####..# ...
########.###..####### ...##+#
#....'.........#....#.>.
#....#....._...#....#...
###########.####....####
##..###.#.....######
#.......#.....#.....
#...)...'.....#.....


You could see Duvessa (fast) and Dowan.

Vanquished Creatures
  An ice beast (D:4)
  2 ogres
  4 wights (D:4)
  A howler monkey (D:4)
  3 hounds
  2 orc priests (D:4)
  A gnoll bouda (D:4)
  2 sleepcaps (D:5)
  An iguana (D:5)
  4 gnolls (D:4)
  5 adders
  A worm (D:4)
  A dart slug (D:3)
  14 orcs
  5 ball pythons
  5 endoplasms
  3 giant cockroaches
  6 goblins
  3 hobgoblins
  3 kobolds
  5 quokkas
  5 bats
  6 frilled lizards
  5 rats
88 creatures vanquished.

Notes
Turn   | Place    | Note
-------+----------+-------------------------------------------
     0 | D:1      | porpoise the Human Hunter began the quest for the Orb.
     0 | D:1      | Reached XP level 1. HP: 16/16 MP: 1/1
    95 | D:1      | Reached XP level 2. HP: 22/22 MP: 2/2
   326 | D:1      | Reached XP level 3. HP: 28/28 MP: 3/3
  1098 | D:2      | Found a faded altar of an unknown god.
  1140 | D:2      | Reached skill level 5 in Ranged Weapons
  1140 | D:2      | Reached XP level 4. HP: 34/34 MP: 4/4
  1828 | D:3      | Found a blossoming altar of Fedhas.
  1837 | D:3      | Found a shimmering blue altar of Sif Muna.
  1844 | D:3      | Found a glowing golden altar of the Shining One.
  1853 | D:3      | Found an iron altar of Okawaru.
  2105 | D:3      | Reached XP level 5. HP: 41/41 MP: 5/5
  2396 | D:3      | Found a snail-covered altar of Cheibriados.
  2720 | D:4      | Noticed Duvessa
  2721 | D:4      | Noticed Dowan
  2971 | D:4      | Reached skill level 6 in Ranged Weapons
  2971 | D:4      | Reached XP level 6. HP: 47/47 MP: 6/6
  3051 | D:4      | Noticed an ogre
  3072 | D:3      | Killed an ogre
  3323 | D:4      | Found a hazy altar of Hepliaklqana.
  3331 | D:4      | Became a worshipper of Hepliaklqana the Forgotten
  3475 | D:4      | Noticed an ice beast
  3480 | D:4      | Killed an ice beast
  3481 | D:4      | Reached XP level 7. HP: 46/55 MP: 7/7
  3521 | D:4      | Reached skill level 7 in Ranged Weapons
  3614 | D:4      | Reached skill level 5 in Fighting
  3955 | D:4      | Noticed Sigmund
  4005 | D:5      | Entered Level 5 of the Dungeon
  4011 | D:5      | Reached XP level 8. HP: 42/57 MP: 8/8
  4027 | D:5      | Reached skill level 8 in Ranged Weapons
  4304 | D:4      | Noticed Shayle's ghost (amateur DsHW)
  4304 | D:4      | Found a runed translucent gate.
  4304 | D:4      | Found a runed translucent gate.
  4304 | D:4      | Found a runed translucent gate.
  4326 | D:4      | HP: 1/63 [Duvessa/+2 rapier of holy wrath (8)]
  4330 | D:4      | Slain by Duvessa

Illustrated notes

Levels and vault maps discovered:
D:1:      dpeg_arrival_leaves_temple_mockup, layout_basic
D:2:      layout_basic, ebering_ecumenical_altar_mist, minmay_tromino_mix6
D:3:      layout_basic, overflow_temple_1_default,
          grunt_temple_overflow_cloverleaf, minmay_quantized
D:4:      minmay_door_path, layout_gridville, kennysheep_little_box,
          overflow_temple_1_default, gammafunk_ghost_nasty_kobolds,
          serial_park_tiny_pond, uniq_sigmund, uniq_duvessa
D:5:      layout_basic, grunt_temple_overflow_champion_of_chaos, uniq_eustachio

Skill      XL: |  1  2  3  4  5  6  7  8 |
---------------+-------------------------+-----
Ranged Weapons | 5 6 7 8 |  8.4
Fighting       | 3 4 5 |  5.5
Dodging        | |  2.0
Stealth        | |  1.0

Action                     |  1- 3 |  4- 6 |  7- 9 || total
---------------------------+-------+-------+-------++-------
   Fire: Shortbow          |    79 |   107 |   126 ||   312
    Use: Scroll            |       |     5 |       ||     5
         Potion            |       |       |     4 ||     4
 Armour: Leather armour    |    28 |    21 |    31 ||    80
         Skin              |       |       |    11 ||    11
  Dodge: Dodged            |    19 |    17 |    37 ||    73

Table legend: (Time is in decaauts)
 A = Elapsed time spent in this place.
 B = Non-inter-level travel time spent in this place.
 C = Inter-level travel time spent in this place.
 D = Time resting spent in this place.
 E = Time spent auto-exploring this place.
 F = Levels seen in this place.
 G = Mean time per level.
                   A        B        C        D        E       F      G
               +--------+--------+--------+--------+--------+-----+--------+
         Total |   4370 |   4092 |    278 |   1266 |   2161 |   5 |  874.0 |
       Dungeon |   4370 |   4092 |    278 |   1266 |   2161 |   5 |  874.0 |
               +--------+--------+--------+--------+--------+-----+--------+

Top non-repeatable levels by time:
     D:3: 1419 daAuts
     D:2: 909 daAuts
     D:4: 884 daAuts
     D:1: 848 daAuts
     D:5: 308 daAuts
